 Dungeon Crawl Stone Soup version 0.18-a0-917-g8a3da5b (webtiles) character file.

142 filipzpl the Insei (level 5, -1/37 HPs)
             Began as a Merfolk Transmuter on Dec 26, 2015.
             Slain by a worm (10 damage)
             ... on level 3 of the Dungeon.
             The game lasted 00:09:09 (3189 turns).

filipzpl the Insei (Merfolk Transmuter)             Turns: 3189, Time: 00:09:10

Health: -1/37      AC:  2    Str: 10    XL:     5   Next: 24%
Magic:  2/8        EV: 21    Int: 14    God:
Gold:   105        SH:  0    Dex: 19    Spells: 2 memorised, 4 levels left

rFire  . . .     SeeInvis .       - Unarmed
rCold  . . .     Gourm    .     (armour currently unavailable)
rNeg   . . .     Faith    .     (shield currently unavailable)
rPois  x         Spirit   .     (helmet currently unavailable)
rElec  .         Dismiss  .     (cloak currently unavailable)
rCorr  .         Reflect  .     (gloves currently unavailable)
SustAt .         Harm     .     (boots currently unavailable)
MR     +....                    (no amulet)
Stlth  ++........               (no ring)
                                k - ring of protection from magic

@: spider-form, very slightly contaminated, somewhat resistant to hostile
enchantments, unstealthy
A: (change form in water), (swift swim)
a: End Transformation


You were on level 3 of the Dungeon.
You were very hungry.
You were a venomous arachnid creature.
You visited 1 branch of the dungeon, and saw 3 of its levels.

You collected 105 gold pieces.

Inventory:

Missiles
 a - 32 arrows
 n - 7 arrows of flame
Armour
 b - a +0 robe (melded)
 l - a +0 hat (melded)
Jewellery
 k - a ring of protection from magic (left front leg)
Wands
 d - a wand of slowing (37/48)
Scrolls
 e - a scroll of remove curse {unknown}
 g - 4 scrolls of identify
 q - a scroll of teleportation {unknown}
Potions
 h - a potion of heal wounds {unknown}
 i - a potion of flight {unknown}
 j - a potion of curing {unknown}
 m - a potion of lignification {unknown}
 o - 2 potions of poison {unknown}
Books
 c - a book of Changes

   Spells                             Type                      Level
   a - Beastly Appendage              Transmutation                1
   b - Sticks to Snakes               Transmutation                2
   c - Spider Form                    Transmutation/Poison         3
   d - Ice Form                       Ice/Transmutation            4
   e - Blade Hands                    Transmutation                5
Comestibles
 f - a bread ration
 p - a royal jelly
 r - a beef jerky


   Skills:
 - Level 1.1 Fighting
 - Level 2.6 Dodging
 - Level 0.2 Stealth
 + Level 5.1 Unarmed Combat
 - Level 2.0 Spellcasting
 - Level 4.2 Transmutations
 - Level 2.0 Poison Magic


You had 4 spell levels left.
You knew the following spells:

 Your Spells              Type           Power        Failure   Level  Hunger
a - Beastly Appendage     Trmt           ##....       14%         1    ##.....
b - Spider Form           Trmt/Pois      ##........   41%         3    ####...


Dungeon Overview and Level Annotations

Branches:
Dungeon (3/15)

Altars:
Cheibriados
Elyvilon
Pakellas
Ru


Message History

You hit the orc.
The orc is severely wounded.
The orc closely misses you.
You hit the orc.
You kill the orc!
Casting: Spider Form
Confirm with . or Enter, or press ? or * to list all spells.
You don't have enough magic to cast that spell.
You start resting.
You start resting.
A worm is nearby!
You start resting.
There isn't anything here!
Casting: Spider Form
Confirm with . or Enter, or press ? or * to list all spells.
You turn into a venomous arachnid creature.
Your +0 hat melds into your body.
Your +0 robe melds into your body.
You are too injured to fight recklessly!
The worm bites you!
You die...

.....#################
.....'............>..#
.....#############.###
.....######....# #.#
.........##.##.# #.#
.........#...#.###.#
.............#.....#
.............#######
......[.........s.#
..##.....)...####w#
..##.....#...# #.#
..########...# #.# ###
########.#######
#...#.w...#
###.#.###†#####
#..(#...#...#
#####.###w#.##


You could see a worm.

Vanquished Creatures
  Natasha (thrice) (D:2)
  3 adders
  An ooze (D:2)
  2 worms (D:3)
  A giant gecko (D:1)
  4 orcs (D:3)
  5 giant cockroaches
  7 goblins
  5 hobgoblins
  4 jackals (D:1)
  12 kobolds
  3 quokkas
  8 bats
  A giant gecko skeleton (D:3)
  2 giant newts (D:3)
  9 rats
70 creatures vanquished.

Notes
Turn   | Place    | Note
--------------------------------------------------------------
     0 | D:1      | filipzpl the Merfolk Transmuter began the quest for the Orb.
     0 | D:1      | Reached XP level 1. HP: 15/15 MP: 3/3
   306 | D:1      | Reached XP level 2. HP: 16/21 MP: 5/5
   320 | D:1      | Reached skill level 4 in Unarmed Combat
   790 | D:1      | Reached XP level 3. HP: 18/26 MP: 4/6
   945 | D:1      | Learned a level 3 spell: Spider Form
  1230 | D:1      | You fall through a shaft!
  1328 | D:2      | Noticed Natasha
  1336 | D:2      | Killed Natasha
  1336 | D:2      | Reached skill level 1 in Poison Magic
  1336 | D:2      | Reached XP level 4. HP: 22/32 MP: 3/7
  1668 | D:2      | Found a sacrificial altar of Ru.
  1734 | D:2      | Noticed Natasha
  1747 | D:2      | Killed Natasha
  1902 | D:2      | Noticed Natasha
  1914 | D:2      | Killed Natasha
  2096 | D:2      | Found a snail-covered altar of Cheibriados.
  2096 | D:2      | Found a white marble altar of Elyvilon.
  2097 | D:2      | Found an oddly glowing altar of Pakellas.
  2880 | D:3      | Reached XP level 5. HP: 35/37 MP: 8/8
  2946 | D:3      | Reached skill level 5 in Unarmed Combat
  3189 | D:3      | Slain by a worm

Vault maps used:
D:1:      minmay_arrival_four_circles
D:2:      nicolae_ru_the_path_less_chosen, gammafunk_temple_overflow_claw,
          first_bread, uniq_natasha
D:3:      lemuel_upstairs_altar, hangedman_abyss_or_decor_lesser_grid

Action                   |  1- 3 |  4- 6 || total
-------------------------+-------+-------++-------
Melee: Unarmed           |   108 |   165 ||   273
 Cast: Beastly Appendage |     1 |       ||     1
       Spider Form       |     1 |     5 ||     6
  Use: Scroll            |       |     3 ||     3
 Stab: Sleeping          |     3 |     4 ||     7
  Eat: Chunk             |     1 |     2 ||     3
       Bread ration      |       |     1 ||     1
